 Dungeon Crawl Stone Soup version 0.21.1-1-g345015f (webtiles) character file.

170 swingingbi the Slasher (level 5, 0/46 HPs)
             Began as a Minotaur Fighter on June 24, 2018.
             Killed from afar by an orc wizard (3 damage)
             ... with a magic dart
             ... on level 4 of the Dungeon.
             The game lasted 00:06:18 (2635 turns).

swingingbi the Slasher (Minotaur Fighter)           Turns: 2635, Time: 00:06:19

Health: 0/46       AC:  7    Str: 21    XL:     5   Next: 26%
Magic:  4/4        EV:  7    Int:  5    God:
Gold:   169        SH:  9    Dex: 10    Spells: 4/4 levels left

rFire    . . .     SeeInvis .   a - +0 long sword
rCold    . . .     Gourm    .   l - +0 shield (curse)
rNeg     . . .     Faith    .   b - +0 scale mail
rPois    .         Spirit   .   (helmet restricted)
rElec    .         Reflect  .   (no cloak)
rCorr    .         Harm     .   (no gloves)
MR       .....                  (no boots)
Stlth    ..........             (no amulet)
HPRegen  0.15/turn              (no ring)
MPRegen  0.09/turn              (no ring)

@: no status effects
A: retaliatory headbutt, horns 2
a: no special abilities


You were on level 4 of the Dungeon.
You were not hungry.

You visited 1 branch of the dungeon, and saw 4 of its levels.

You collected 169 gold pieces.

Inventory:

Hand Weapons
 a - a +0 long sword (weapon)
Armour
 b - a +0 scale mail (worn)
 c - a +0 shield
 l - a cursed +0 shield (worn)
 o - a +0 leather armour
 r - a +0 shield
Scrolls
 g - a scroll of random uselessness {unknown}
 i - 4 scrolls of identify {unknown}
 j - 3 scrolls of teleportation {unknown}
 k - 3 scrolls of immolation {unknown}
 p - a scroll of remove curse {unknown}
Potions
 d - 3 potions of might
 e - a potion of flight {unknown}
 h - a potion of magic {unknown}
 m - 2 potions of cancellation {unknown}
 n - 2 potions of heal wounds {unknown}
 q - a potion of mutation {unknown}
Comestibles
 f - 5 rations


   Skills:
 - Level 4.3 Fighting
 * Level 5.3 Long Blades
 - Level 4.2 Armour
 - Level 0.6 Dodging
 - Level 4.2 Shields


You had 4 spell levels left.
You didn't know any spells.

Dungeon Overview and Level Annotations

Branches:
Dungeon (4/15)
 Temple: D:4-7

Altars:
Okawaru


Innate Abilities, Weirdness & Mutations

You reflexively headbutt those who attack you in melee.
You have a pair of horns on your head.


Message History

A puff of flame appears from out of thin air!
The puff of flame hits you!
You miss something.
You hear some strange, mumbled words.
A puff of flame appears from out of thin air!
The puff of flame hits you!
* * * LOW HITPOINT WARNING * * *
Your shield and scale mail prevent you from hitting something.
You hear some strange, mumbled words.
A puff of flame appears from out of thin air!
The puff of flame hits you!
* * * LOW HITPOINT WARNING * * *
Something hits you but does no damage.
Your shield and scale mail prevent you from hitting something.
Something hits you but does no damage.
You closely miss something.
You hear some strange, mumbled words.
A magic dart appears from out of thin air!
The magic dart hits you!
You die...

###
..#
#.#
#%#
#.#
#o#
#{#
#@#
#)###
#...#
###.#
#.#
#<#
#.#
#.#
#.#


You could see an orc.

Vanquished Creatures
  An orc wizard (D:4)
  Jessica (D:2)
  6 adders
  4 worms
  A dart slug (D:1)
  A leopard gecko (D:3)
  3 orcs
  A ball python (D:3)
  6 goblins
  7 hobgoblins
  5 bats
  3 frilled lizards (D:2)
  4 kobolds
  A leopard gecko skeleton (D:2)
  7 rats
51 creatures vanquished.

Notes
Turn   | Place    | Note
-------+----------+-------------------------------------------
     0 | D:1      | swingingbi the Minotaur Fighter began the quest for the Orb.
     0 | D:1      | Reached XP level 1. HP: 19/19 MP: 0/0
   310 | D:1      | Reached XP level 2. HP: 27/27 MP: 1/1
   737 | D:2      | Noticed Jessica
   740 | D:2      | Killed Jessica
   740 | D:2      | Reached skill level 3 in Long Blades
   740 | D:2      | Reached XP level 3. HP: 31/33 MP: 2/2
   913 | D:2      | Reached XP level 4. HP: 25/40 MP: 3/3
  1055 | D:2      | Found an iron altar of Okawaru.
  1389 | D:3      | Reached skill level 4 in Long Blades
  2429 | D:3      | Reached XP level 5. HP: 46/46 MP: 4/4
  2600 | D:4      | Reached skill level 5 in Long Blades
  2635 | D:4      | Killed from afar by an orc wizard

Skill      XL: |  1  2  3  4  5 |
---------------+----------------+-----
Fighting       | 4 |  4.3
Armour         | 4 |  4.2
Shields        | 4 |  4.2
Long Blades    | 3 4 5 |  5.3
Dodging        | |  0.6

Action                   |  1- 3 |  4- 6 || total
-------------------------+-------+-------++-------
Melee: Long sword        |    69 |    95 ||   164
       Headbutt          |     8 |    17 ||    25
  Eat: Ration            |       |     2 ||     2
Armor: Scale mail        |    34 |    34 ||    68
Dodge: Dodged            |    28 |    24 ||    52
Block: Shield            |    38 |    32 ||    70
       Rpst.: Long sword |     7 |     3 ||    10
